 Dungeon Crawl Stone Soup version 0.30-a0-1161-g0704695555 (webtiles) character file.

Game seed: 17583114854009731026

1661 kae the Changer (level 8, -9/68 HPs)
             Began as a Troll Transmuter on Apr 27, 2023.
             Was a Follower of Wu Jian.
             Mangled by a gnoll
             ... wielding a +0 halberd
              (13 damage)
             ... on level 6 of the Dungeon.
             The game lasted 00:04:36 (5529 turns).

kae the Changer (Troll Transmuter)                  Turns: 5529, Time: 00:04:36

Health: -9/68      AC:  4    Str: 19    XL:     8   Next: 69%
Magic:  10/13      EV:  9    Int: 11    God:    Wu Jian [*.....]
Gold:   236        SH:  0    Dex: 10    Spells: 6/16 levels left

rFire   . .          .
                       - Unarmed
rCold   . . .        (no shield)
rNeg    + . .        a - +0 robe
rPois   .            (helmet currently unavailable)
rElec   .            (no cloak)
rCorr   .            (gloves unavailable)
SInv    .            (boots unavailable)
Will    .....        (no amulet)
Stlth   +            N - ring of positive energy
HPRegen 1.11/turn    (no ring)
MPRegen 0.13/turn

%: no passive effects
@: appendages (expiring), wereblooded
A: horns 2, talons 2, large, unfitting armour, claws 3, regeneration 1, shaggy
fur 1, tough skin 1
a: End Transformation, Renounce Religion


You were on level 6 of the Dungeon.
You worshipped Wu Jian.
Wu Jian was aware of your devotion.
You had temporarily grown beastly horns and talons.
You visited 2 branches of the dungeon, and saw 7 of its levels.
You also visited: Sewer.

You collected 236 gold pieces.


Innate Abilities, Weirdness & Mutations

You have temporarily grown beastly horns and talons.
You are too large for most types of armour.
You have claws for hands.
Your natural rate of healing is unusually fast.
You are covered in fur. (AC +1)
You have tough skin. (AC +1)


   Skills:
 - Level 0.7 Fighting
 - Level 1.5 Dodging
 - Level 3.0 Unarmed Combat
 + Level 4.5 Spellcasting
 + Level 5.3 Transmutations
 + Level 3.8 Ice Magic


You had 6 spell levels left.
You knew the following spells:

 Your Spells              Type           Power      Damage    Failure   Level
a - Beastly Appendage     Tmut           28%        N/A       2%          1
b - Wereblood             Tmut           14%        N/A       3%          2
c - Spider Form           Tmut/Pois      8%         N/A       22%         3
d - Ice Form              Ice/Tmut       12%        N/A       34%         4

Your spell library contained the following spells:

 Spells                   Type           Power      Damage    Failure   Level
 Ozocubu's Armour         Ice            10%        N/A       14%         3
 Magic Dart               Conj           8%         1d3       22%         1
 Searing Ray              Conj           4%         2d4       34%         2
 Fulminant Prism          Conj/Hex       1%         3d5       92%         4
 Summon Lightning Spire   Summ/Air       2%         N/A       92%         4
 Metabolic Englaciation   Hex/Ice        3%         N/A       96%         5
 Simulacrum               Ice/Necr       3%         N/A       100%        6
 Storm Form               Tmut/Air       4%         N/A       100%        7
 Maxwell's Capacitive Co  Air            1%         ∞         100%        8

Inventory:

Missiles
 g - 62 stones
 h - 8 boomerangs
 j - 5 javelins
 k - 10 poisoned darts
 q - 4 curare-tipped darts {=f}
Armour
 a - a +0 robe (worn)
Jewellery
 N - a ring of positive energy (left claw)
   (You found it on level 1 of the Dungeon)
Scrolls
 e - 2 scrolls of vulnerability {!r!r}
 l - 2 scrolls of butterflies
 o - a scroll of teleportation {@r4}
 s - 3 scrolls of fear
 u - a scroll of blinking {!r}
 v - a scroll of immolation {!r!r}
Potions
 b - a potion of lignification {!q}
 c - 5 potions of curing {unknown}
 d - 3 potions of mutation {unknown}
 f - 5 potions of heal wounds {unknown}
 i - 2 potions of cancellation {unknown}
 m - a potion of ambrosia {unknown}
 n - 2 potions of attraction {!q}
 p - a potion of invisibility
 r - 4 potions of might
 t - a potion of berserk rage {unknown}

Dungeon Overview and Level Annotations

Branches:
Dungeon (6/15) Zot: 26841  Temple (1/1) D:4 Zot: 5982   Sewer (visited)

Altars:
Ashenzari
Cheibriados
Dithmenos
Elyvilon
Fedhas
Gozag
Hepliaklqana
Kikubaaqudgha
Makhleb
Nemelex Xobeh
Okawaru
Trog
Vehumet
Wu Jian
Xom
Yredelemnul
Zin
The Shining One

Shops:
D:5 **

Annotations:
D:3 3 runed translucent doors, PostNTower's ghost, amateur DrTm; ThereIsNoGod's ghost, amateur OpFi

....... #....>....#
....... #....[....#
....... #.........#
####### #.........#
.###.........#
.............#
.............#+####
..................#
.......@..........#
......l)g.........+
......g...........#
..................#
.....g............#
....#'#######.....#
....'. .....#
....#. .....+


You could see an iguana and 3 gnolls.


Message History

The Council accepts your kill.
A gnoll comes into view. It is wielding a +0 flail. 😨 HP[+2]
You regained 2 hp, and now have 33/68 hp. 😨 HP[+1] Unknown command.
Casting: Beastly Appendage (safe; 2% risk of failure)
Confirm with . or Enter, or press ? or * to list all spells.
You extend your transformation's duration.
A white imp comes into view.
The white imp shouts!
You hear a shout!
You hear an angry hiss.
You hear a shout! 😮 HP[+2] MP[-1]
You regained 2 hp, and now have 36/68 hp.
You lost 1 mp, and now have 12/13 mp.
Casting: Beastly Appendage (safe; 2% risk of failure)
Confirm with . or Enter, or press ? or * to list all spells.
You miscast Wereblood.
You are very lightly contaminated with residual magic.
Nothing appears to happen. 😮 HP[+1] MP[-2]
You lost 2 mp, and now have 10/13 mp.
Casting: Wereblood (safe; 3% risk of failure)
Confirm with . or Enter, or press ? or * to list all spells.
Your blood is infused with primal strength. 😮 HP[+2] MP[-2]
You regained 2 hp, and now have 39/68 hp.
You lost 2 mp, and now have 8/13 mp.
Unknown command. 😮 HP[+1]
You claw the white imp!
You feel a bit better.
You kill the white imp!
The Council accepts your kill. 😮 HP[+2]
You regained 2 hp, and now have 42/68 hp.
You howl as the wereblood boils in your veins! 😮 HP[+2] MP[+1]
You regained 2 hp, and now have 44/68 hp.
Your magical contamination has completely faded away. 😮 HP[+1] 😮 HP[+1]
An iguana comes into view. 😮 HP[+1]
Something unseen opens the door. 😮 HP[+1]
A gnoll comes into view. It is wielding a +0 club. 😮 HP[+1]
You barely miss the gnoll. The gnoll barely misses you. 😮 HP[+1]
The gnoll shouts!
You claw the gnoll! Your kick misses the gnoll.
You headbutt the gnoll, but do no damage.
The gnoll barely misses you. 😮 HP[+1]
You scratch the gnoll but do no damage. You claw the gnoll, but do no damage.
The gnoll barely misses you. The iguana bites you! 😮 HP[-9] MP[+1]
You take 9 damage, and now have 42/68 hp.
You barely miss the gnoll. Your kick misses the gnoll.
Your transformation is almost over.
The gnoll hits you with a +0 flail. The iguana bites you!
* * * LOW HITPOINT WARNING * * *
😨 HP[-17]
You take 17 damage, and now have 25/68 hp.
MASSIVE DAMAGE!! (PAUSE)
You closely miss the gnoll. You claw the gnoll. Your headbutt misses the gnoll.
The gnoll barely misses you.
The iguana bites you but does no damage. 😨 HP[+1] Unknown command.
You closely miss the iguana. Your kick misses the iguana.
The gnoll barely misses you. The gnoll hits you with a +0 club.
* * * LOW HITPOINT WARNING * * *
The iguana bites you.
* * * LOW HITPOINT WARNING * * *
😨 HP[-7]
You take 7 damage, and now have 19/68 hp.
Unknown command.
You barely miss the gnoll.
A gnoll comes into view. It is wielding a +0 spear.
The gnoll hits you with a +0 flail.
* * * LOW HITPOINT WARNING * * *
The gnoll hits you with a +0 club!
* * * LOW HITPOINT WARNING * * *
The iguana bites you!
* * * LOW HITPOINT WARNING * * *
😱 HP[-18]
You take 18 damage, and now have 1/68 hp.
MASSIVE DAMAGE!! (PAUSE)
The gnoll shouts!
You scratch the gnoll.
You feel a bit better.
You kill the gnoll!
The Council accepts your kill. The gnoll barely misses you.
The iguana barely misses you. 😱 HP[+2]
You regained 2 hp, and now have 3/68 hp.
Unknown command.
You claw the iguana! You claw the iguana, but do no damage.
The gnoll hits you from afar with a +0 halberd!
You die...

Skill      XL: |  1  2  3  4  5  6  7  8 |
---------------+-------------------------+-----
Transmutations | 2 3 4 5 |  5.3
Spellcasting   | 2 3 4 |  4.5
Ice Magic      | 1 2 3 |  3.8
Fighting       | |  0.7
Dodging        | |  1.5
Unarmed Combat | |  3.0

Action                     |  1- 3 |  4- 6 |  7- 9 || total
---------------------------+-------+-------+-------++-------
  Melee: Unarmed           |   102 |   179 |   180 ||   461
         Headbutt          |     4 |     8 |    15 ||    27
         Kick              |     4 |    13 |    20 ||    37
         Punch             |     2 |     6 |     1 ||     9
   Cast: Beastly Appendage |    10 |    14 |    16 ||    40
         Spider Form       |       |     1 |     1 ||     2
         Wereblood         |       |       |     2 ||     2
         Ice Form          |       |       |     1 ||     1
Ability: Lunge             |       |       |     4 ||     4
         Whirlwind         |       |       |     1 ||     1
    Use: Scroll            |       |     7 |     5 ||    12
         Potion            |       |       |     1 ||     1
   Stab: Sleeping          |       |     1 |       ||     1
 Armour: Robe              |    38 |    58 |    36 ||   132
         Skin              |       |       |    15 ||    15
  Dodge: Dodged            |    49 |    91 |    76 ||   216

Levels and vault maps discovered:
D:1:      spicycebolla_arrival_xxxplode, layout_basic, minmay_misc_feat_square,
          supply_closet_lemuel
D:2:      layout_loops_corners, kennysheep_small_spiral, uniq_robin,
          uniq_crazy_yiuf_cottage
D:3:      layout_loops_corners, mainiacjoe_overflow_paths,
          mainiacjoe_overflow_cross_hatched, mainiacjoe_overflow_divided_tiny,
          hellmonk_ecumenical_altar_slurped_away, gammafunk_ghost_cemetery,
          uniq_sigmund
D:4:      layout_loops_ring, minmay_temple_entry_nine_rooms,
          portal_sewer_entry_c, uniq_menkaure
D:5:      dreamdust_elfheim, layout_basic, minmay_misc_feat_encased,
          nicolae_specific_store, roderic_serpentine_path,
          minmay_misc_feat_plants
D:6:      layout_gridville, elyvilon_altar_1, zin_statuary, roderic_malta_cross
Temple:   nicolae_temple_no_exploring_needed

Notes
Turn   | Place    | Note
-------+----------+-------------------------------------------
     0 | D:1      | kae the Troll Transmuter began the quest for the Orb.
     0 | D:1      | Reached XP level 1. HP: 18/18 MP: 1/1
     0 | D:1      | magus.rc [v1.11.3]
   125 | D:1      | Reached XP level 2. HP: 26/26 MP: 1/3
   411 | D:1      | Reached skill level 2 in Transmutations
   691 | D:2      | Reached XP level 3. HP: 32/32 MP: 4/4
   738 | D:2      | Learned a level 2 spell: Wereblood
   991 | D:2      | Noticed Robin
  1014 | D:2      | Reached skill level 2 in Spellcasting
  1017 | D:2      | Killed Robin
  1051 | D:2      | You pick up a book of Winter and begin reading...
  1051 | D:2      | You add the spells Ozocubu's Armour, Metabolic Englaciation
                  | and Simulacrum to your library.
  1094 | D:2      | Reached XP level 4. HP: 39/40 MP: 4/6
  1225 | D:2      | Learned a level 3 spell: Spider Form
  1623 | D:3      | Found a runed translucent gate.
  1623 | D:3      | Found a runed translucent gate.
  1664 | D:3      | Found a faded altar of an unknown god.
  1750 | D:3      | Found a blossoming altar of Fedhas.
  1807 | D:3      | Found a sparkling altar of Nemelex Xobeh.
  1828 | D:3      | Found a runed translucent gate.
  1835 | D:3      | Noticed ThereIsNoGod's ghost (amateur OpFi)
  1835 | D:3      | Noticed PostNTower's ghost (amateur DrTm)
  1835 | D:3      | Noticed PostNTower's ghost (amateur DrTm)
  1854 | D:3      | You pick up a book of the Sky and begin reading...
  1854 | D:3      | You add the spells Summon Lightning Spire, Storm Form and
                  | Maxwell's Capacitive Coupling to your library.
  1966 | D:3      | Noticed Sigmund
  2017 | D:3      | Killed Sigmund
  2018 | D:3      | Reached skill level 3 in Transmutations
  2018 | D:3      | Reached XP level 5. HP: 38/46 MP: 4/8
  2018 | D:3      | Reached XP level 6. HP: 45/54 MP: 4/9
  2234 | D:3      | Found a basalt altar of Yredelemnul.
  2242 | D:3      | Found an opulent altar of Gozag.
  2245 | D:3      | HP: 13/54 [poisoned by a goblin]
  2250 | D:3      | HP: 11/54 [poisoned by a goblin]
  2311 | D:3      | Reached skill level 3 in Spellcasting
  2727 | D:3      | Learned a level 4 spell: Ice Form
  2809 | D:4      | Found a glowing drain.
  2831 | Sewer    | Entered a sewer
  3223 | D:4      | Reached skill level 1 in Ice Magic
  3300 | D:4      | Reached skill level 4 in Transmutations
  3300 | D:4      | Reached XP level 7. HP: 52/61 MP: 9/11
  3540 | D:4      | Noticed Menkaure
  3546 | D:4      | Killed Menkaure
  3677 | D:4      | Reached skill level 2 in Ice Magic
  3744 | D:4      | Found a staircase to the Ecumenical Temple.
  3957 | Temple   | Entered the Ecumenical Temple
  3967 | Temple   | Became a worshipper of the Wu Jian Council
  4034 | D:5      | Entered Level 5 of the Dungeon
  4363 | D:5      | Reached XP level 8. HP: 42/68 MP: 12/12
  4409 | D:5      | Reached skill level 4 in Spellcasting
  4668 | D:5      | Found Qokaluun's General Store.
  4670 | D:5      | Found Lammoymue's Specific Store.
  4717 | D:5      | Reached skill level 3 in Ice Magic
  4723 | D:5      | Reached skill level 5 in Transmutations
  4912 | D:5      | You pick up a book of Conjurations and begin reading...
  4912 | D:5      | You add the spells Magic Dart, Searing Ray and Fulminant
                  | Prism to your library.
  5156 | D:5      | Noticed Dowan
  5166 | D:5      | Killed Dowan
  5168 | D:5      | Noticed Duvessa
  5180 | D:5      | Killed Duvessa
  5399 | D:6      | Reached * piety under Wu Jian
  5406 | D:6      | Found a white marble altar of Elyvilon.
  5464 | D:6      | Found a glowing silver altar of Zin.
  5527 | D:6      | HP: 16/68 [gnoll/+0 flail (5)]
  5527 | D:6      | HP: 1/68 [iguana (8)]
  5529 | D:6      | Mangled by a gnoll

Vanquished Creatures
  Sigmund (D:3)
  Menkaure (D:4)
  Duvessa (D:5)
  An ice beast (D:5)
  2 black bears
  2 ogres
  A centaur (D:5)
  A kobold brigand (Sewer)
  A phantom (D:6)
  2 scorpions (D:5)
  Dowan (D:5)
  A jelly (D:4)
  A hound (D:6)
  2 iguanas (D:5)
  An orc wizard (D:4)
  Robin (D:2)
  4 gnolls (D:6)
  8 adders
  A shadow imp (D:5)
  2 white imps
  8 worms
  15 orcs
  7 endoplasms
  7 giant cockroaches
  14 goblins
  12 hobgoblins
  7 jackals (D:1)
  19 kobolds
  2 quokkas
  2 ball pythons
  7 bats
  2 frilled lizards
  13 rats
150 creatures vanquished.

Vanquished Creatures (others)
  A plant (Sewer)
1 creature vanquished.

Grand Total: 151 creatures vanquished

Table legend:
 A = Non-vault XP
 B = Vault XP
 C = Vault XP percentage of total XP
 D = Non-vault monster count
 E = Vault monster count
 F = Vault count percentage of total count
                 A         B        C        D         E       F
            +---------+---------+-------+---------+---------+-------
      Total |    1560 |     813 |  34.3 |     103 |      47 |  31.3
            +---------+---------+-------+---------+---------+-------
        D:1 |      34 |       0 |   0.0 |      20 |       0 |   0.0
        D:2 |      35 |      40 |  53.3 |      17 |      13 |  43.3
        D:3 |      75 |     245 |  76.6 |      19 |       2 |   9.5
        D:4 |     385 |     178 |  31.6 |      16 |       6 |  27.3
        D:5 |     812 |     216 |  21.0 |      20 |       2 |   9.1
        D:6 |     219 |       0 |   0.0 |      11 |       0 |   0.0
      Sewer |       0 |     134 | 100.0 |       0 |      24 | 100.0
            +---------+---------+-------+---------+---------+-------

Skill      XL: |  1  2  3  4  5  6  7  8 |
---------------+-------------------------+-----
Transmutations | 2 3 4 5 |  5.3
Spellcasting   | 2 3 4 |  4.5
Ice Magic      | 1 2 3 |  3.8
Fighting       | |  0.7
Dodging        | |  1.5
Unarmed Combat | |  3.0

Action                     |  1- 3 |  4- 6 |  7- 9 || total
---------------------------+-------+-------+-------++-------
  Melee: Unarmed           |   102 |   179 |   180 ||   461
         Headbutt          |     4 |     8 |    15 ||    27
         Kick              |     4 |    13 |    20 ||    37
         Punch             |     2 |     6 |     1 ||     9
   Cast: Beastly Appendage |    10 |    14 |    16 ||    40
         Spider Form       |       |     1 |     1 ||     2
         Wereblood         |       |       |     2 ||     2
         Ice Form          |       |       |     1 ||     1
Ability: Lunge             |       |       |     4 ||     4
         Whirlwind         |       |       |     1 ||     1
    Use: Scroll            |       |     7 |     5 ||    12
         Potion            |       |       |     1 ||     1
   Stab: Sleeping          |       |     1 |       ||     1
 Armour: Robe              |    38 |    58 |    36 ||   132
         Skin              |       |       |    15 ||    15
  Dodge: Dodged            |    49 |    91 |    76 ||   216

Illustrated notes

Table legend:
 A = Kills in this place as a percentage of kills in the entire game.
 B = Kills by you in this place as a percentage of kills by you in the entire game.
 C = Kills by friends in this place as a percentage of kills by friends in the entire game.
 D = Other kills in this place as a percentage of other kills in the entire game.
 E = Experience gained in this place as a percentage of experience gained in the entire game.
 F = Experience gained in this place divided by the number of levels of this place that you have seen.
                   A       B       C       D       E      F
               +-------+-------+-------+-------+-------+----------------------
         Total | 100.0 | 100.0 |   N/A |   N/A | 100.0 | 296.6
       Dungeon |  84.0 |  84.0 |   N/A |   N/A |  94.4 | 373.2
         Sewer |  16.0 |  16.0 |   N/A |   N/A |   5.6 | 134.0
               +-------+-------+-------+-------+-------+----------------------

Table legend: (Time is in decaauts)
 A = Elapsed time spent in this place.
 B = Non-inter-level travel time spent in this place.
 C = Inter-level travel time spent in this place.
 D = Time resting spent in this place.
 E = Time spent auto-exploring this place.
 F = Levels seen in this place.
 G = Mean time per level.
                   A        B        C        D        E       F      G
               +--------+--------+--------+--------+--------+-----+--------+
         Total |   5502 |   5257 |    245 |     70 |   4201 |   8 |  687.8 |
       Dungeon |   5196 |   4957 |    239 |     70 |   4031 |   6 |  866.0 |
        Temple |     17 |     11 |      6 |      0 |      0 |   1 |   17.0 |
         Sewer |    288 |    288 |      0 |      0 |    170 |   1 |  288.0 |
               +--------+--------+--------+--------+--------+-----+--------+

Top non-repeatable levels by time:
     D:5: 1305 daAuts
     D:3: 1160 daAuts
     D:4: 962 daAuts
     D:2: 959 daAuts
     D:1: 650 daAuts
   Sewer: 288 daAuts
     D:6: 158 daAuts
  Temple: 17 daAuts
